 Dungeon Crawl Stone Soup version 0.23-a0-393-g6e9e0f2070 (webtiles) character file.

62044 PikkenKukken the Carver (level 14, -1/130 HPs)
             Began as a Deep Dwarf Fighter on Oct 31, 2018.
             Was a High Priest of Makhleb.
             Slain by a wolf spider (7 damage)
             ... on level 1 of the Spider Nest.
             The game lasted 00:45:04 (19884 turns).

PikkenKukken the Carver (Deep Dwarf Fighter)       Turns: 19884, Time: 00:45:05

Health: -1/130     AC: 25    Str: 25    XL:     14   Next: 62%
Magic:  15/15      EV: 12    Int:  9    God:    Makhleb [*****.]
Gold:   2070       SH:  0    Dex: 12    Spells: 13/13 levels left

rFire    + . .     SeeInvis +   n - +2 falchion (vamp)
rCold    . . .     Gourm    .   c - +1 shield
rNeg     + + .     Faith    .   E - +1 plate armour {rF+}
rPois    +         Spirit   .   k - +2 helmet
rElec    .         Reflect  .   A - scarf {repulsion}
rCorr    .         Harm     .   y - +0 pair of gloves "Unaurph" {+Blink SInv}
MR       ++...                  (no boots)
Stlth    ..........             (no amulet)
HPRegen  0.00/turn              b - ring of positive energy
MPRegen  0.14/turn              m - ring of poison resistance

@: confused, non-regenerating, repel missiles
A: damage resistance, heal wounds, molten scales 1, slimy green scales 1,
negative energy resistance 1, sense surroundings 2, no regeneration
a: Heal Wounds, Minor Destruction, Lesser Servant of Makhleb, Major Destruction,
Greater Servant of Makhleb, Renounce Religion, Evoke Blink


You were on level 1 of the Spider Nest.
You worshipped Makhleb.
Makhleb was extremely pleased with you.
You were not hungry.

You visited 4 branches of the dungeon, and saw 20 of its levels.
You also visited: Sewer, Bailey and Volcano.

You collected 2148 gold pieces.
You spent 78 gold pieces at shops.

Inventory:

Hand Weapons
 a - a +0 long sword
 n - a +2 vampiric falchion (weapon)
Armour
 c - a +1 shield (worn)
 k - a +2 helmet (worn)
 y - the +0 pair of gloves "Unaurph" (worn) {+Blink SInv}
   (You acquired it on level 9 of the Dungeon)

   It lets you see invisible.
   It lets you blink.
 A - a scarf of repulsion (worn)
 E - a +1 plate armour of fire resistance (worn)
Jewellery
 b - a ring of positive energy (left hand)
 m - a ring of poison resistance (right hand)
Wands
 q - a wand of acid (7)
 x - a wand of digging (5)
 C - a wand of paralysis (5)
 D - a wand of disintegration (12)
 L - a wand of scattershot (7)
Scrolls
 e - 15 scrolls of remove curse
 o - 6 scrolls of identify
 s - 3 scrolls of fog
 t - a scroll of enchant weapon
 u - 3 scrolls of enchant armour
 F - 2 scrolls of amnesia
 I - 6 scrolls of teleportation
 J - a scroll of magic mapping
 K - a scroll of blinking
 N - a scroll of holy word
 O - a scroll of brand weapon
 P - a scroll of fear
Potions
 f - a potion of cancellation {unknown}
 g - 5 potions of heal wounds
 h - 5 potions of haste
 i - 9 potions of curing
 j - 2 potions of agility
 l - 4 potions of resistance
 p - a potion of berserk rage
 v - 5 potions of flight
 w - 5 potions of brilliance
 z - 6 potions of mutation
 B - a potion of ambrosia {unknown}
 G - a potion of degeneration {unknown}
 H - 4 potions of magic
 M - 2 potions of might
Comestibles
 d - 8 chunks of flesh
 r - 31 rations


   Skills:
 + Level 9.7 Fighting
 * Level 13.7 Long Blades
 + Level 11.5 Armour
 + Level 10.9 Dodging
 + Level 11.4 Shields
 + Level 12.5 Invocations


You had 13 spell levels left.
You didn't know any spells.
Your spell library contained the following spells:

 Spells                   Type           Power        Failure   Level  Hunger
 Animate Skeleton         Necr           N/A          99%         1    ##.....
 Flame Tongue             Conj/Fire      #....        99%         1    ##.....
 Pain                     Necr           #...         99%         1    ##.....
 Throw Flame              Conj/Fire      #.....       100%        2    ###....
 Conjure Flame            Conj/Fire      #.......     100%        3    ####...
 Inner Flame              Hex/Fire       #.......     100%        3    ####...
 Vampiric Draining        Necr           #.........   100%        3    ####...
 Animate Dead             Necr           N/A          100%        4    #####..
 Sticky Flame             Conj/Fire      #.......     100%        4    #####..
 Fireball                 Conj/Fire      #.........   100%        5    ######.
 Regeneration             Chrm/Necr      Unusable     N/A         3    N/A

Dungeon Overview and Level Annotations

Branches:
Dungeon (12/15)            Temple (0/1) D:4            Lair (5/6) D:9
 Shoals (0/4) Lair:3       Spider (1/4) Lair:2          Orc (2/2) D:11
    Elf (0/3) Orc:2
  Slime: Lair:5-6

Altars:
Cheibriados
Dithmenos
Elyvilon
Fedhas
Makhleb
Qazlal
Ru
Trog
Uskayaw
Vehumet
Wu Jian
Xom
The Shining One

Shops:
D:6 ?   D:11 ([   Orc:2 *?:*:

Annotations:
D:9 Psyche
Lair:2 exclusion: 2 oklob plants
Lair:5 exclusion: oklob plant


Innate Abilities, Weirdness & Mutations

You are resistant to damage.
You can heal yourself by infusing magical energy.
You resist negative energy. (rN+)
You passively map the area around you.
You do not regenerate.
You are partially covered in molten scales. (AC +2)
You are partially covered in slimy green scales. (AC +2)


Message History

You bump into the rock wall.
The wolf spider hits you.
* * * LOW HITPOINT WARNING * * *
The wolf spider bites you but does no damage.
The tarantella bites you but does no damage.
The orb spider weaves a glowing orb of energy.
The orb of destruction hits a rock wall.
The wolf spider hits you but does no damage.
The wolf spider bites you but does no damage.
The tarantella bites you but does no damage.
You slash the tarantella!
You kill the tarantella!
Makhleb accepts your kill.
The wolf spider hits you but does no damage.
The wolf spider closely misses you.
The orb spider begins to weave its threads into a brightly glowing ball.
Unknown command.
You bump into the rock wall.
A wolf spider comes into view.
The wolf spider hits you!
You die...

##.#.#..#.....#....%......#..#,
########.....##.......#.....#
####.## #.##..^###..####..#..# ,
.#.#.># ####..#..............##
...#^.###...####...†.###.......#
#.^...#.#....#.......#.#.........
#.....†......##^.>...#...#####...
##......†..^.s#####...#..., , #.#
##########.....@.##.....,, , ##
#.........s†.......# ***
,.......##..##....#...
.......#...#.....#.... , , * *
...#..#######s..##..#.. ##. ..
#.# ......^#..#..### .... .
##*,.......#..# ...## .... ,
,...#..##..# #...##..# * ,*,,
,#.,#..#...###^......#.


You could see 2 wolf spiders and an orb spider.

Vanquished Creatures
  An ettin (D:11)
  Erolcha (D:11)
  6 hydras
  A catoblepas (Lair:2)
  A dancing weapon (Volcano)
  3 two-headed ogres
  Urug (D:11)
  Nergalle (Lair:3)
  5 wizards (Volcano)
  An orc knight (Orc:1)
  4 orb spiders
  6 wolf spiders (Spider:1)
  A necromancer (Lair:2)
  An ugly thing (D:7)
  3 cyclopes
  An orc sorcerer (Orc:2)
  3 black mambas
  5 elephants (Lair:4)
  A moth of wrath (Spider:1)
  A torpor snail (Lair:2)
  5 toenail golems (Volcano)
  7 spiny frogs
  2 gargoyles
  A centaur skeleton (D:12)
  7 komodo dragons
  A rime drake (Lair:4)
  2 demonic crawlers (Spider:1)
  13 jumping spiders (Spider:1)
  2 trolls
  A polar bear (Lair:4)
  Prince Ribbit (D:9)
  5 slime creatures (D:12)
  9 hippogriffs
  12 redbacks
  Sigmund (D:6)
  A vampire (D:9)
  5 tarantellas (Spider:1)
  24 yaks
  5 wyverns
  7 basilisks
  2 hogs (D:8)
  A human (D:8)
  A hungry ghost (D:7)
  A steam dragon (D:8)
  A soldier ant (D:9)
  A warg (D:11)
  3 acid dragons
  A hell hound (Lair:4)
  11 water moccasins
  8 porcupines
  30 orc warriors
  7 ice beasts
  A black bear (D:7)
  3 phantoms
  4 sky beasts
  12 ogres
  5 wolves (Lair:2)
  16 centaurs
  5 crocodiles
  2 big kobolds
  15 bullfrogs
  5 scorpions
  4 killer bees (D:5)
  An electric eel (Lair:3)
  A lava snake (Lair:3)
  4 crimson imps
  5 jellies
  4 quasits
  A bullfrog zombie (D:11)
  6 hounds
  12 orc priests
  A gnoll shaman (D:5)
  3 bullfrog skeletons
  Terence (D:2)
  15 orc wizards
  Ijyb (D:2)
  4 iguanas
  13 worker ants
  4 polar bear simulacra (Lair:2)
  A killer bee zombie (D:9)
  3 yak simulacra (Lair:2)
  3 wolf simulacra (Lair:2)
  A hound zombie (D:8)
  2 hound skeletons
  A worker ant zombie (D:9)
  2 howler monkey zombies
  16 adders
  24 gnolls
  A river rat (D:4)
  5 shadow imps
  An ooze (D:4)
  An adder zombie (D:3)
  An adder skeleton (D:7)
  7 worms
  A dart slug (D:3)
  6 leopard geckos
  54 orcs
  4 giant cockroaches
  11 goblins
  12 hobgoblins
  6 jackals
  6 quokkas
  A ball python (D:7)
  11 bats
  7 frilled lizards
  26 kobolds
  A quokka zombie (D:7)
  10 rats
  A river rat simulacrum (Lair:2)
599 creatures vanquished.

Vanquished Creatures (collateral kills)
  2 entropy weavers
  A hydra (Lair:4)
  An orc knight (Orc:1)
  An orb spider (Spider:1)
  2 spiny frogs (Lair:4)
  2 jumping spiders (Spider:1)
  2 hippogriffs (Lair:4)
  3 redbacks (Spider:1)
  A wyvern (Lair:4)
  A porcupine (Lair:4)
  5 orc warriors (Orc:1)
  A crocodile (Lair:4)
  A bullfrog (Lair:4)
  An orc priest (Orc:2)
  2 orc wizards
  3 orcs
  A plant (Lair:4)
30 creatures vanquished.

Vanquished Creatures (others)
  2 orcs (Orc:2)
  3 fungi
  8 plants
13 creatures vanquished.

Grand Total: 642 creatures vanquished

Notes
Turn   | Place    | Note
-------+----------+-------------------------------------------
     0 | D:1      | PikkenKukken the Deep Dwarf Fighter began the quest for the
                  | Orb.
     0 | D:1      | Reached XP level 1. HP: 20/20 MP: 1/1
   235 | D:1      | Reached XP level 2. HP: 27/27 MP: 2/2
   563 | D:2      | Noticed Terence
   573 | D:2      | Killed Terence
   573 | D:2      | Reached skill level 1 in Dodging
   573 | D:2      | Reached XP level 3. HP: 20/33 MP: 3/3
   741 | D:2      | Reached skill level 3 in Long Blades
   780 | D:2      | Reached XP level 4. HP: 26/42 MP: 4/4
   819 | D:2      | Noticed Ijyb
   865 | D:2      | Killed Ijyb
  1020 | D:2      | Found a glowing golden altar of the Shining One.
  1083 | D:2      | Found a snail-covered altar of Cheibriados.
  1142 | D:3      | Found a sacrificial altar of Ru.
  1149 | D:3      | Reached XP level 5. HP: 49/49 MP: 5/5
  1228 | D:3      | Found a burning altar of Makhleb.
  1234 | D:3      | Became a worshipper of Makhleb the Destroyer
  1472 | D:3      | Found a radiant altar of Vehumet.
  1636 | D:3      | Found a shimmering altar of Xom.
  2058 | D:4      | Noticed an ogre
  2073 | D:4      | Killed an ogre
  2073 | D:4      | Reached skill level 4 in Long Blades
  2073 | D:4      | Reached skill level 1 in Invocations
  2073 | D:4      | Reached XP level 6. HP: 24/56 MP: 5/7
  2157 | D:4      | Reached * piety under Makhleb
  2193 | D:4      | Found a staircase to the Ecumenical Temple.
  2275 | D:4      | Found a glowing drain.
  2302 | Sewer    | Entered a sewer
  2529 | D:4      | Reached XP level 7. HP: 46/63 MP: 8/8
  2965 | D:5      | Entered Level 5 of the Dungeon
  2993 | D:5      | Found Useuwineg's Antique Armour Shoppe.
  3021 | D:5      | Found a stormy altar of Qazlal.
  3105 | D:5      | Reached ** piety under Makhleb
  3105 | D:5      | Reached skill level 5 in Long Blades
  3536 | D:5      | Reached skill level 5 in Armour
  3536 | D:5      | Reached skill level 5 in Shields
  3549 | D:5      | Reached XP level 8. HP: 68/72 MP: 10/10
  3850 | D:6      | Noticed Sigmund
  3868 | D:6      | Killed Sigmund
  3868 | D:6      | Reached skill level 6 in Long Blades
  3986 | D:6      | Noticed a moth of wrath
  4011 | D:6      | Found Nyazun's Magic Scroll Emporium.
  4014 | D:6      | Found a blossoming altar of Fedhas.
  4021 | D:6      | Bought a scroll of identify for 26 gold pieces
  4021 | D:6      | Bought a scroll of identify for 26 gold pieces
  4021 | D:6      | Bought a scroll of identify for 26 gold pieces
  4243 | D:6      | Found a bloodstained altar of Trog.
  4649 | D:7      | Reached skill level 5 in Invocations
  4699 | D:7      | Reached *** piety under Makhleb
  4699 | D:7      | Gained mutation: You passively map the area around you.
                  | [Deep Dwarf growth]
  4699 | D:7      | Reached XP level 9. HP: 56/80 MP: 12/12
  4814 | D:7      | Found a white marble altar of Elyvilon.
  5016 | D:7      | Reached skill level 5 in Fighting
  5226 | D:7      | Noticed a red ugly thing
  5234 | D:7      | Reached skill level 7 in Long Blades
  5234 | D:7      | Reached skill level 5 in Dodging
  5250 | D:7      | Killed a red ugly thing
  5632 | D:8      | Found an ornate altar of the Wu Jian Council.
  5636 | D:8      | Found a hide-covered altar of Uskayaw.
  5795 | D:8      | Reached **** piety under Makhleb
  5930 | D:8      | Found a shadowy altar of Dithmenos.
  6075 | D:8      | Reached skill level 8 in Long Blades
  6092 | D:8      | Reached XP level 10. HP: 45/91 MP: 12/12
  6645 | D:9      | Noticed Prince Ribbit
  6758 | D:9      | Found a staircase to the Lair.
  6833 | D:9      | Noticed Psyche
  6877 | D:9      | Killed Prince Ribbit
  6894 | D:9      | Found a flagged portal.
  6920 | Bailey   | Entered a bailey
  7095 | Bailey   | Reached ***** piety under Makhleb
  7261 | D:9      | Identified a scroll of acquirement
  7264 | D:9      | Got a pair of scorched gloves
  7270 | D:9      | Identified the +0 pair of gloves "Unaurph" {+Blink SInv}
                  | (You acquired it on level 9 of the Dungeon)
  7273 | D:9      | Gained mutation: You are partially covered in slimy green
                  | scales. (AC +2) [potion of mutation]
  7273 | D:9      | Gained mutation: You are partially covered in molten
                  | scales. (AC +2) [potion of mutation]
  7416 | D:9      | Reached skill level 9 in Long Blades
  7901 | D:10     | Entered Level 10 of the Dungeon
  8240 | D:10     | Reached XP level 11. HP: 99/99 MP: 15/15
  8321 | D:10     | Noticed a six-headed hydra
  8362 | D:10     | Killed a six-headed hydra
  8738 | Lair:1   | Entered Level 1 of the Lair of Beasts
  9120 | Lair:1   | Reached skill level 10 in Long Blades
 10145 | Lair:2   | Noticed a five-headed hydra
 10162 | Lair:2   | Killed a five-headed hydra
 10280 | Lair:2   | Reached XP level 12. HP: 75/109 MP: 17/17
 10673 | Lair:2   | Found a hole to the Spider Nest.
 10676 | Lair:2   | Reached skill level 11 in Long Blades
 11195 | Lair:2   | Reached skill level 10 in Invocations
 11803 | Lair:3   | Noticed an eight-headed hydra
 11805 | Lair:3   | Noticed a catoblepas
 11852 | Lair:3   | Noticed a blizzard demon
 11875 | Lair:2   | Killed a catoblepas
 11917 | Lair:3   | Noticed a green death
 11926 | Lair:2   | Killed an eight-headed hydra
 12300 | Lair:3   | Noticed Nergalle
 12352 | Lair:3   | Killed Nergalle
 12379 | Lair:3   | Found a staircase to the Shoals.
 12430 | Lair:3   | Noticed a four-headed hydra
 12444 | Lair:3   | Killed a four-headed hydra
 12625 | Lair:4   | Noticed an eight-headed hydra
 12632 | Lair:4   | Killed an eight-headed hydra
 12857 | Lair:4   | Noticed an eight-headed hydra
 12990 | Lair:4   | Killed an eight-headed hydra
 13113 | Lair:4   | Reached skill level 10 in Armour
 13113 | Lair:4   | Reached XP level 13. HP: 112/118 MP: 16/16
 13164 | Lair:4   | Reached skill level 12 in Long Blades
 13178 | Lair:4   | Reached skill level 10 in Shields
 14986 | D:11     | Found Teoges's Weapon Boutique.
 14987 | D:11     | Found a staircase to the Orcish Mines.
 15030 | D:11     | Found Zihajeim's Armour Boutique.
 15099 | D:11     | Noticed Urug
 15130 | D:11     | Killed Urug
 15269 | D:11     | Noticed Erolcha
 15288 | D:11     | Killed Erolcha
 16236 | D:12     | Found a sacrificial altar of Ru.
 16277 | D:12     | Reached skill level 10 in Dodging
 16462 | Orc:1    | Entered Level 1 of the Orcish Mines
 16462 | Orc:1    | Found a frozen archway.
 16479 | Orc:1    | Noticed an ettin
 16523 | D:11     | Killed an ettin
 16750 | Orc:1    | Reached ****** piety under Makhleb
 16773 | Orc:1    | Found a dark tunnel.
 16782 | Volcano  | Entered a volcano
 16930 | Volcano  | Reached skill level 13 in Long Blades
 17068 | Volcano  | Gained mutation: You resist negative energy. (rN+) [Deep
                  | Dwarf growth]
 17068 | Volcano  | Reached XP level 14. HP: 104/129 MP: 17/17
 17368 | Orc:2    | Entered Level 2 of the Orcish Mines
 17699 | Orc:2    | Noticed a cacodemon
 17827 | Orc:2    | Noticed a cacodemon
 18439 | Orc:2    | Found a staircase to the Elven Halls.
 18505 | Orc:2    | Found Exit's General Store.
 18611 | Orc:2    | Found Tush's Assorted Antiques.
 18611 | Orc:2    | Found Zyevou's Book Boutique.
 18613 | Orc:2    | Found Buuneq's Magic Scroll Shop.
 18615 | Orc:2    | Found Tuyk's Book Shoppe.
 18860 | Spider:1 | Entered Level 1 of the Spider Nest
 18860 | Spider:1 | Noticed an entropy weaver
 18902 | Lair:2   | Killed an entropy weaver
 19524 | Spider:1 | Noticed an entropy weaver
 19544 | Spider:1 | Killed an entropy weaver
 19882 | Spider:1 | HP: 6/130 [wolf spider (2)]
 19884 | Spider:1 | Slain by a wolf spider

Vault maps used:
D:1:      minmay_arrival_stone_box, minmay_misc_feat_encased
D:2:      kennysheep_the_goblin_king, tso_oasis_becter,
          nicolae_overflow_hidden_temple, uniq_terence
D:3:      wad_river_or_something, lemuel_coloured_pillars_altar,
          lemuel_crystal_altar, vehumet_crystals, first_ration,
          grunt_ministairs_9, nicolae_ru_awakened_eye
D:4:      kb_forest_paths, minmay_temple_entry_statues_fountains,
          gup_sewer_entry_bubbles
D:5:      grunt_qazlal_sundering, serial_shops, nicolae_shop_waterfront
D:6:      tgw_trog, fedhas_altar_1, serial_shops, nicolae_shop_statue_plus,
          uniq_sigmund
D:7:      elyvilon_altar_5, serial_rivers, chequers_serial_rivers_micro_b,
          chequers_serial_rivers_room_b, chequers_serial_rivers_micro_a,
          chequers_serial_rivers_micro_c, serial_bayou_pond_e
D:8:      minitemple, grunt_livestock, hangedman_decor_points,
          kennysheep_another_room, nicolae_dithmenos_shadow_blocks
D:9:      lair_entry_dummy, enter_bailey_6, uniq_prince_ribbit1, uniq_psyche
D:11:     orc_david_3, uniq_urug, uniq_erolcha
D:12:     serial_park, serial_park_square3, serial_park_gazebo,
          minmay_sticks_and_stones
Lair:1:   columned_hall_lemuel
Lair:2:   nicolae_spider_entry_orb_guardian, eino_house_with_fridge,
          grunt_megastairs_3, minmay_lair_oklob_chamber,
          infiniplex_staircase_pool
Lair:3:   elwin_shoals_entry_rocks, nicolae_lair_grove_arrangements,
          minmay_hedge_maze, uniq_nergalle
Lair:4:   special_room, lemuel_old_faithful, lemuel_fruit_tree,
          grunt_megastairs_1
Lair:5:   minivault_24, serial_bayou_lagoon_a, st_stairs_6,
          chequers_serial_rivers_large_b, serial_bayou_shore_b,
          lemuel_fruit_fields
Orc:1:    lightli_volcano_entry_magma_tube, portal_ice_cave_entry_pillars_1,
          kennysheep_orc_chapel
Orc:2:    st_orc_rangers, serial_shops, shop
Sewer:    sewer_big_baddie
Bailey:   bailey_axe_2, bailey
Volcano:  volcano_bunker

Skill      XL: |  1  2  3  4  5  6  7  8  9 10 11 12 13 14 |
---------------+-------------------------------------------+-----
Dodging        | 1 2 3 4 5 6 8 9 10 | 10.9
Fighting       | 3 4 5 6 7 8 9 |  9.7
Long Blades    | 3 4 5 6 8 9 10 11 13 | 13.7
Armour         | 4 5 6 7 9 10 11 | 11.5
Shields        | 4 5 6 7 8 9 10 11 | 11.4
Invocations    | 1 2 3 5 6 8 9 10 11 12 | 12.5

Action                   |  1- 3 |  4- 6 |  7- 9 | 10-12 | 13-15 || total
-------------------------+-------+-------+-------+-------+-------++-------
Melee: Long sword        |    72 |       |       |       |       ||    72
       Falchion          |       |   295 |   832 |  1955 |  1977 ||  5059
Invok: Minor Destruction |       |       |     3 |     6 |     1 ||    10
       Major Destruction |       |       |       |    28 |    16 ||    44
       Lesser Servant of |       |       |       |     3 |     1 ||     4
       Greater Servant o |       |       |       |     4 |     6 ||    10
 Abil: Heal Wounds       |       |       |     3 |     7 |     8 ||    18
Evoke: Wand              |       |       |       |     3 |     1 ||     4
  Use: Scroll            |     4 |       |     6 |    11 |     5 ||    26
       Potion            |       |       |     2 |     4 |     2 ||     8
 Stab: Paralysed         |       |       |       |     2 |       ||     2
       Distracted        |       |       |       |     1 |     1 ||     2
       Confused          |       |       |       |       |     1 ||     1
  Eat: Ration            |       |     2 |     1 |     1 |     2 ||     6
       Chunk             |       |     4 |    15 |    23 |    19 ||    61
Armor: Scale mail        |    19 |    23 |       |       |       ||    42
       Chain mail        |       |   122 |   364 |       |       ||   486
       Plate armour      |       |       |   163 |   981 |  1133 ||  2277
Dodge: Dodged            |    25 |   102 |   280 |   599 |   877 ||  1883
       Deflected         |       |       |     3 |    11 |    35 ||    49
Block: Shield            |    43 |   203 |   565 |  1175 |  1544 ||  3530
       Rpst.: Long sword |     9 |       |       |       |       ||     9
       Falchion          |       |    29 |    89 |   155 |   189 ||   462

Table legend:
 A = Non-vault XP
 B = Vault XP
 C = Vault XP percentage of total XP
 D = Non-vault monster count
 E = Vault monster count
 F = Vault count percentage of total count
                 A         B        C        D         E       F
            +---------+---------+-------+---------+---------+-------
      Total |   65143 |   23492 |  26.5 |     449 |     178 |  28.4
            +---------+---------+-------+---------+---------+-------
        D:1 |      16 |       0 |   0.0 |      10 |       0 |   0.0
        D:2 |      76 |      82 |  51.9 |      16 |       8 |  33.3
        D:3 |     105 |      32 |  23.4 |      16 |      10 |  38.5
        D:4 |     426 |      24 |   5.3 |      15 |       7 |  31.8
        D:5 |    1015 |       0 |   0.0 |      25 |       0 |   0.0
        D:6 |     465 |     237 |  33.8 |      14 |       6 |  30.0
        D:7 |    2054 |       0 |   0.0 |      37 |       0 |   0.0
        D:8 |    1526 |    1010 |  39.8 |      34 |       5 |  12.8
        D:9 |    2106 |     277 |  11.6 |      21 |       1 |   4.5
       D:10 |    3066 |       0 |   0.0 |      25 |       0 |   0.0
       D:11 |    4894 |    2141 |  30.4 |      27 |       9 |  25.0
       D:12 |    4995 |    1044 |  17.3 |      29 |       4 |  12.1
     Lair:1 |    5631 |       0 |   0.0 |      21 |       0 |   0.0
     Lair:2 |    9701 |    2643 |  21.4 |      32 |      19 |  37.3
     Lair:3 |    2148 |     800 |  27.1 |      11 |       1 |   8.3
     Lair:4 |    4782 |    3811 |  44.4 |      16 |      18 |  52.9
     Lair:5 |    2956 |     189 |   6.0 |      10 |       1 |   9.1
   Spider:1 |   15882 |       0 |   0.0 |      48 |       0 |   0.0
      Orc:1 |    2532 |    2821 |  52.7 |      30 |      21 |  41.2
      Orc:2 |     767 |    1317 |  63.2 |      12 |      17 |  58.6
      Sewer |       0 |     118 | 100.0 |       0 |       6 | 100.0
     Bailey |       0 |     350 | 100.0 |       0 |      34 | 100.0
    Volcano |       0 |    6596 | 100.0 |       0 |      11 | 100.0
            +---------+---------+-------+---------+---------+-------
